 Dungeon Crawl Stone Soup version 0.20.1-1-g8b1a95d (console) character file.

61 Kloppie the Poker (level 3, 0/30 HPs)
             Began as a Minotaur Gladiator on July 10, 2017.
             Slain by Terence
             ... wielding a +2 mace of draining
              (1 damage)
             ... on level 2 of the Dungeon.
             The game lasted 00:01:36 (1049 turns).

Kloppie the Poker (Minotaur Gladiator)              Turns: 1049, Time: 00:01:36

Health: 0/30       AC: 10    Str: 23 (24) XL:     3   Next: 83%
Magic:  2/2        EV:  7    Int:  2 (5)  God:
Gold:   94         SH:  0    Dex:  9 (11) Spells: 2/2 levels left

rFire    . . .     SeeInvis .   a - +0 trident
rCold    . . .     Gourm    +   (no shield)
rNeg     . . .     Faith    .   l - +0 plate armour
rPois    .         Spirit   .   c - +0 hat
rElec    .         Reflect  .   (no cloak)
rCorr    .         Harm     .   (no gloves)
MR       .....                  (no boots)
Stlth    ..........             j - amulet of the gourmand
Regen    0.1/turn               (no ring)
MPRegen  0.1/turn               (no ring)

@: mighty, lethally poisoned (0 -> -7), flying, drained
A: retaliatory headbutt, horns 2
a: no special abilities


You were on level 2 of the Dungeon.
You were completely stuffed.

You visited 1 branch of the dungeon, and saw 2 of its levels.

You collected 94 gold pieces.

Inventory:

Hand Weapons
 a - a +0 trident (weapon)
Armour
 c - a +0 hat (worn)
 l - a +0 plate armour (worn)
Jewellery
 j - an amulet of the gourmand (around neck)
Scrolls
 g - a scroll of magic mapping {unknown}
 h - 3 scrolls of remove curse {unknown}
 k - a scroll of identify {unknown}
Potions
 b - a potion of might
 i - a potion of flight
Comestibles
 f - a bread ration
 m - a royal jelly
 n - a chunk of flesh


   Skills:
 - Level 2.4(1.9) Fighting
 + Level 5.2(4.7) Polearms
 - Level 2.0(1.5) Throwing
 + Level 2.1(1.6) Armour
 - Level 3.2(2.8) Dodging


You had 2 spell levels left.
You didn't know any spells.

Dungeon Overview and Level Annotations

Branches:
Dungeon (2/15)

Altars:

Annotations:
D:2 Terence


Innate Abilities, Weirdness & Mutations

You reflexively headbutt those who attack you in melee.
You have a pair of horns on your head.


Message History

You feel very mighty all of a sudden.
* * * LOW HITPOINT WARNING * * *
You feel sick.
It was a potion of flight.
You feel very buoyant.
You fly up into the air.
* * * LOW HITPOINT WARNING * * *
You feel sick.
Terence hits you with a mace of draining.
* * * LOW HITPOINT WARNING * * *
You feel drained. The frilled lizard barely misses you.
It was a potion of degeneration.
There was something very wrong with that liquid.
You feel weakened.
You feel dopey.
You feel clumsy.
* * * LOW HITPOINT WARNING * * *
You feel sick.
Terence hits you with a mace of draining.
* * * LOW HITPOINT WARNING * * *
You feel drained.
You die...

.# ##(...## ..#
.####..##..##...#
...>...#......#
...###.....####
#######......#
##.
##.....##...##
.$..
#..#######...###
..... #.##
###...##...!..
#.# #.#l@@.....(
#.# #.####......
#.# #.# .....
##.# #.. ....
##.# ### ...
.#.##### ..
.......# .
....##.#
..#......


You could see Terence and a frilled lizard.

Vanquished Creatures
  3 adders (D:2)
  2 worms (D:2)
  A ball python (D:2)
  A bat (D:1)
  A giant cockroach (D:1)
  6 goblins (D:1)
  3 hobgoblins (D:1)
  A frilled lizard (D:1)
  7 kobolds
  3 rats (D:1)
28 creatures vanquished.

Notes
Turn   | Place    | Note
-------+----------+-------------------------------------------
     0 | D:1      | Kloppie the Minotaur Gladiator began the quest for the Orb.
     0 | D:1      | Reached XP level 1. HP: 18/18 MP: 0/0
    23 | D:1      | Reached skill level 4 in Polearms
   235 | D:1      | Reached XP level 2. HP: 19/25 MP: 1/1
   793 | D:2      | Reached skill level 5 in Polearms
   793 | D:2      | Reached skill level 1 in Armour
   793 | D:2      | Reached XP level 3. HP: 24/30 MP: 2/2
  1022 | D:2      | Noticed Terence
  1049 | D:2      | HP: 1/30 [Terence/mace of draining (3)]
  1049 | D:2      | Slain by Terence

Skill      XL: |  1  2  3 |
---------------+----------+-----
Polearms       | 4 5 |  5.2
Armour         | 1 2 |  2.1
Fighting       | |  2.4
Throwing       | |  2.0
Dodging        | |  3.2

Action                   || total
-------------------------++-------
Melee: Trident           ||   105
       Headbutt          ||    11
Throw: Throwing net      ||     3
  Use: Potion            ||     3
 Stab: Sleeping          ||     1
  Eat: Chunk             ||    14
Armor: Plate armour      ||    43
       Leather armour    ||     3
Dodge: Dodged            ||    29
